 Dungeon Crawl Stone Soup version 0.31.0-32-g396128a36d (webtiles) character file.

Game seed: 10005220923343919739

441 PaiMei the Grave Robber (level 6, -2/47 HPs)
             Began as a Demonspawn Necromancer on Apr 10, 2024.
             Incinerated by a bombardier beetle (5 damage)
             ... with a burning spray
             ... on level 5 of the Dungeon.
             The game lasted 00:05:29 (5539 turns).

PaiMei the Grave Robber (Demonspawn Necromancer)    Turns: 5539, Time: 00:05:30

Health: -2/47      AC:  4    Str:  8    XL:     6   Next: 70%
Magic:  2/11       EV: 13    Int: 23    God:
Gold:   244        SH:  0    Dex: 16    Spells: 4/12 levels left

rFire   . . .        s - +0 spear (vamp)
rCold   + . .        (no shield)
rNeg    . . .        a - +0 robe
rPois   .            j - +1 hat
rElec   .            l - +0 cloak
rCorr   .            (no gloves)
SInv    .            (no boots)
Will    .....        (no amulet)
Stlth   ++           v - +6 ring of intelligence
HPRegen 0.27/turn    w - ring of protection from cold
MPRegen 0.12/turn

%: no passive effects
@: on fire, glowing
A: claws 1, thin skeletal structure 1, spiny 1
a: no special abilities


You were on level 5 of the Dungeon.
You visited 2 branches of the dungeon, and saw 6 of its levels.

You collected 244 gold pieces.

Inventory:

Hand Weapons
 s - a +0 vampiric spear (weapon)
Missiles
 m - 5 silver javelins
Armour
 a - a +0 robe (worn)
 i - an orb of mayhem
 j - a +1 hat (worn)
 l - a +0 cloak (worn)
 p - a +0 helmet
Jewellery
 v - a +6 ring of intelligence (left claw)
 w - a ring of protection from cold (right claw)
Scrolls
 c - a scroll of immolation {unknown}
 e - 3 scrolls of enchant armour {unknown}
 g - 5 scrolls of identify {unknown}
 k - a scroll of fog {unknown}
 n - a scroll of amnesia {unknown}
 r - a scroll of vulnerability {unknown}
 u - a scroll of poison {unknown}
 x - a scroll of teleportation {unknown}
Potions
 b - 4 potions of magic
 d - a potion of cancellation {unknown}
 f - 2 potions of mutation {unknown}
 h - a potion of might {unknown}
 o - a potion of enlightenment {unknown}
 q - a potion of attraction {unknown}
 t - a potion of haste {unknown}


   Skills:
 + Level 3.0 Fighting
 + Level 3.5 Dodging
 - Level 2.0 Stealth
 + Level 3.7 Spellcasting
 + Level 5.9 Necromancy


You had 4 spell levels left.
You knew the following spells:

 Your Spells              Type           Power      Damage    Failure   Level
a - Necrotise             Necr           100%       1d9       1%          1
b - Vampiric Draining     Necr           31%        2d8       2%          3
c - Animate Dead          Necr           31%        N/A       10%         4

Your spell library contained the following spells:

 Spells                   Type           Power      Damage    Failure   Level
 Cigotuvi's Dreadful Rot  Necr/Alch/Air  26%        N/A       8%          2
 Dispel Undead            Necr           31%        3d14      10%         4
 Scorch                   Fire           8%         2d5       16%         2
 Hailstorm                Conj/Ice       4%         3d5       32%         3
 Summon Ice Beast         Ice/Summ       4%         N/A       32%         3
 Martyr's Knell           Necr/Summ      17%        N/A       32%         4
 Flame Wave               Conj/Fire      4%         2d5       71%         4
 Curse of Agony           Necr           31%        N/A       26%         5
 Death Channel            Necr           15%        N/A       82%         6
 Sculpt Simulacrum        Ice/Alch       2%         N/A       100%        6
 Summon Cactus Giant      Summ           2%         N/A       100%        6


Dungeon Overview and Level Annotations

Branches:
Dungeon (5/15)             Temple (1/1) D:4

Altars:
Cheibriados
Dithmenos
Fedhas
Gozag
Hepliaklqana
Makhleb
Ru
Sif Muna
Trog
Uskayaw
Vehumet
Xom

Shops:
D:2 ?


Innate Abilities, Weirdness & Mutations

You have sharp fingernails.
You have a somewhat thin skeletal structure. (Dex +2, Stealth+)
You are partially covered in sharp spines.


Message History

Casting: Vampiric Draining (dangerous; 2% risk of failure)
Confirm with . or Enter, or press ? or * to list all spells.
You don't have enough magic to cast this spell.
You shake off some of the fire as you move.
The liquid fire burns you!
Casting: Vampiric Draining (dangerous; 2% risk of failure)
Confirm with . or Enter, or press ? or * to list all spells.
You don't have enough magic to cast this spell.
You shake off some of the fire as you move.
The liquid fire burns you!
Casting: Vampiric Draining (dangerous; 2% risk of failure)
Confirm with . or Enter, or press ? or * to list all spells.
You don't have enough magic to cast this spell.
You shake off some of the fire as you move.
The liquid fire burns you!
* * * LOW HITPOINT WARNING * * *
Casting: Vampiric Draining (dangerous; 2% risk of failure)
Confirm with . or Enter, or press ? or * to list all spells.
You don't have enough magic to cast this spell.
You shake off some of the fire as you move.
The liquid fire burns you!
* * * LOW HITPOINT WARNING * * *
The bombardier beetle is struck by your spines.
The bombardier beetle closely misses you.
Casting: Vampiric Draining (dangerous; 2% risk of failure)
Confirm with . or Enter, or press ? or * to list all spells.
You don't have enough magic to cast this spell.
You hit the bombardier beetle but do no damage.
The bombardier beetle is severely wounded.
The liquid fire burns you!
* * * LOW HITPOINT WARNING * * *
The bombardier beetle is struck by your spines.
The bombardier beetle misses you.
Casting: Vampiric Draining (dangerous; 2% risk of failure)
Confirm with . or Enter, or press ? or * to list all spells.
You don't have enough magic to cast this spell.
You hit the bombardier beetle.
You kill the bombardier beetle!
The liquid fire burns you!
You die...

#............ #######
#######..##..
##.....###...###..##..
#.............#.......
#.............'.......
#.............#.......
#####'#########...##..
...####...###...
########
........@........
............>....
.................
#########+####..# ##


There were no monsters in sight!

Vanquished Creatures
  A black bear (D:5)
  2 bombardier beetles
  A hound (D:4)
  A sleepcap (D:5)
  Terence (D:3)
  4 gnolls
  10 adders
  A ribbon worm (D:4)
  3 dart slugs
  10 orcs
  3 bats
  5 endoplasms
  4 giant cockroaches
  5 goblins
  10 hobgoblins
  4 jackals (D:2)
  4 kobolds
  4 quokkas
  5 ball pythons
  3 frilled lizards
  5 rats
86 creatures vanquished.

Vanquished Creatures (collateral kills)
  An orc (D:4)
  A hobgoblin (D:4)
  A ball python (D:2)
3 creatures vanquished.

Grand Total: 89 creatures vanquished

Notes
Turn   | Place    | Note
-------+----------+-------------------------------------------
     0 | D:1      | PaiMei the Demonspawn Necromancer began the quest for the
                  | Orb.
     0 | D:1      | Reached XP level 1. HP: 13/13 MP: 3/3
   280 | D:1      | Gained mutation: You are partially covered in sharp spines.
                  | [demonic ancestry]
   280 | D:1      | Reached XP level 2. HP: 19/19 MP: 3/5
  1331 | D:2      | Reached XP level 3. HP: 24/25 MP: 2/6
  1600 | D:2      | Reached skill level 1 in Fighting
  1971 | D:2      | Reached XP level 4. HP: 32/32 MP: 2/8
  2058 | D:2      | Reached skill level 5 in Necromancy
  2623 | D:2      | Found Gogafa's Magic Scroll Emporium.
  2663 | D:2      | Learned a level 3 spell: Vampiric Draining
  2709 | D:2      | Learned a level 4 spell: Animate Dead
  2777 | D:2      | Gained mutation: You have a somewhat thin skeletal
                  | structure. (Dex +2, Stealth+) [demonic ancestry]
  2777 | D:2      | Reached XP level 5. HP: 29/38 MP: 5/9
  3266 | D:3      | Noticed Terence
  3273 | D:3      | Killed Terence
  3274 | D:3      | Found a sacrificial altar of Ru.
  3865 | D:3      | Found a faded altar of an unknown god.
  4453 | D:4      | Gained mutation: You have sharp fingernails. [demonic
                  | ancestry]
  4453 | D:4      | Reached XP level 6. HP: 46/46 MP: 4/11
  4736 | D:4      | Found a staircase to the Ecumenical Temple.
  4746 | Temple   | Entered the Ecumenical Temple
  5325 | D:5      | Entered Level 5 of the Dungeon
  5539 | D:5      | Incinerated by a bombardier beetle

Illustrated notes

Levels and vault maps discovered:
D:1:      scummos_arrival_simple_fountains, layout_basic
D:2:      layout_basic, serial_shops, shop
D:3:      layout_loops_ring, nicolae_ru_sacrificial_ziggurat,
          hellmonk_ecumenical_altar_defaced_shrine, uniq_terence
D:4:      layout_gridville, minmay_temple_entry_offerings, sigmund_army
D:5:      layout_gridville, kennysheep_mini_moat
Temple:   hellmonk_temple_forest_ring

Skill      XL: |  1  2  3  4  5  6 |
---------------+-------------------+-----
Stealth        | 2 |  2.0
Dodging        | 2 3 |  3.5
Fighting       | 1 2 3 |  3.0
Necromancy     | 5 |  5.9
Spellcasting   | 3 |  3.7

Action                     |  1- 3 |  4- 6 || total
---------------------------+-------+-------++-------
  Melee: Dagger            |     5 |     4 ||     9
         Spear             |       |     7 ||     7
   Cast: Necrotise         |    59 |    93 ||   152
         Vampiric Draining |       |    15 ||    15
 Armour: Robe              |    11 |    37 ||    48
  Dodge: Dodged            |    12 |    37 ||    49
